 Dungeon Crawl Stone Soup version 0.30-a0-860-g512cf1e979 (webtiles) character file.

Game seed: 17719537694348350912

1164 PLAYERX the Covert (level 8, -7/58 HPs)
             Began as a Gnoll Wanderer on Mar 7, 2023.
             Was an Initiate of Nemelex Xobeh.
             Mangled by a gnoll
             ... wielding a +0 halberd
              (13 damage)
             ... on level 5 of the Dungeon.
             The game lasted 00:28:41 (5216 turns).

PLAYERX the Covert (Gnoll Wanderer)                 Turns: 5216, Time: 00:28:46

Health: -7/58      AC:  6    Str: 16    XL:     8   Next: 40%
Magic:  14/14      EV: 11    Int:  9    God:    Nemelex Xobeh [......]
Gold:   94         SH:  0    Dex: 12    Spells: 14/15 levels left

rFire   . . .      SeeInvis .    a - +2 long sword (holy)
rCold   . . .      Faith    +    (no shield)
rNeg    . . .      Spirit   .    d - +0 ring mail
rPois   .          Reflect  .    (no helmet)
rElec   .          Rampage  .    (no cloak)
rCorr   .                        (no gloves)
Will    .....                    b - +0 pair of boots
Stlth   +++                      f - amulet of faith
HPRegen 0.29/turn                (no ring)
MPRegen 0.14/turn                (no ring)

@: about to teleport
A: fangs 1, strong nose, distributed training
a: Renounce Religion, Draw Escape, Draw Destruction, Draw Summoning


You were on level 5 of the Dungeon.
You worshipped Nemelex Xobeh.
Nemelex Xobeh was noncommittal.
You visited 2 branches of the dungeon, and saw 6 of its levels.

You collected 263 gold pieces.
You spent 169 gold pieces at shops.

Inventory:

Hand Weapons
 a - a +2 long sword of holy wrath (weapon)
 c - a +0 trident
Armour
 b - a +0 pair of boots (worn)
 d - a +0 ring mail (worn)
Jewellery
 f - an amulet of faith (around neck)
Wands
 l - a wand of iceblast (6)
Scrolls
 g - 2 scrolls of identify
 h - 5 scrolls of teleportation
 j - 2 scrolls of vulnerability {unknown}
 m - a scroll of enchant weapon {unknown}
Potions
 e - a potion of attraction
 i - 2 potions of curing
 k - a potion of haste


   Skills:
 + Level 3.3 Fighting
 + Level 3.3 Short Blades
 + Level 3.3 Long Blades
 + Level 3.3 Axes
 + Level 3.3 Maces & Flails
 + Level 7.4 Polearms
 + Level 3.3 Staves
 + Level 3.3 Ranged Weapons
 + Level 3.3 Throwing
 + Level 3.3 Armour
 + Level 3.3 Dodging
 + Level 8.5 Stealth
 + Level 3.3 Shields
 + Level 3.3 Unarmed Combat
 + Level 4.4 Spellcasting
 + Level 2.7 Conjurations
 + Level 2.7 Hexes
 + Level 2.7 Summonings
 + Level 2.7 Necromancy
 + Level 2.7 Translocations
 + Level 3.5 Transmutations
 + Level 2.7 Fire Magic
 + Level 2.7 Ice Magic
 + Level 2.7 Air Magic
 + Level 2.7 Earth Magic
 + Level 2.7 Poison Magic
 + Level 3.7 Invocations
 + Level 4.3 Evocations


You had 14 spell levels left.
You knew the following spells:

 Your Spells              Type           Power      Damage    Failure   Level
a - Beastly Appendage     Tmut           16%        N/A       11%         1

Your spell library contained the following spells:

 Spells                   Type           Power      Damage    Failure   Level
 Wereblood                Tmut           8%         N/A       17%         2
 Passwall                 Tmut/Erth      5%         N/A       21%         2
 Spider Form              Tmut/Pois      7%         N/A       36%         3
 Inner Flame              Hex/Fire       6%         N/A       43%         3
 Cause Fear               Hex            3%         N/A       83%         4
 Discord                  Hex            3%         N/A       100%        8


Dungeon Overview and Level Annotations

Branches:
Dungeon (5/15)             Temple (1/1) D:4

Altars:
Ashenzari
Cheibriados
Dithmenos
Fedhas
Kikubaaqudgha
Makhleb
Nemelex Xobeh
Okawaru
Ru
Sif Muna
Trog
Uskayaw
Vehumet
Xom
The Shining One

Shops:
D:3 ?   D:5 (


Innate Abilities, Weirdness & Mutations

You have very sharp teeth.
Your uncanny sense of smell can sniff out nearby items.
Your experience applies equally to all skills.


Message History

The gnoll closely misses you. The gnoll hits you with a +0 club.
The gnoll hits you with a +0 whip.
You closely miss the gnoll.
The gnoll is severely wounded.
The gnoll hits you from afar with a +0 halberd.
The gnoll hits you but does no damage. The gnoll barely misses you.
You are too injured to fight recklessly!
You are too injured to fight recklessly!
You are too injured to fight recklessly!
You slash the gnoll!
The gnoll is severely wounded.
The gnoll hits you from afar with a +0 halberd.
The gnoll hits you but does no damage. The gnoll barely misses you.
You hit the gnoll.
The gnoll is almost dead.
The gnoll hits you from afar with a +0 halberd!
* * * LOW HITPOINT WARNING * * *
The gnoll hits you with a +0 club.
* * * LOW HITPOINT WARNING * * *
The gnoll closely misses you.
As you read the scroll of teleportation, it crumbles to dust.
You feel strangely unstable. The gnoll closely misses you.
The gnoll hits you with a +0 club.
* * * LOW HITPOINT WARNING * * *
The gnoll hits you with a +0 whip.
* * * LOW HITPOINT WARNING * * *
You hit the gnoll.
You kill the gnoll!
The gnoll barely misses you. The gnoll misses you. x2
The gnoll closely misses you.
You barely miss the gnoll. You bite the gnoll, but do no damage.
The gnoll is severely wounded.
The gnoll hits you but does no damage. The gnoll barely misses you.
You barely miss the gnoll.
The gnoll is severely wounded.
The gnoll hits you with a +0 club.
* * * LOW HITPOINT WARNING * * *
The gnoll hits you from afar with a +0 halberd!
You die...
Your body disappears without a glow.

#.....##.##..##.......#..##...#
####.#####.###.##.......#........
................#########........
##..#######.##.###...............
#.###...##....###...............
#.# #...#####.##................
##.# #...#####..#..........##....
#..# #.........g...#########...##
#.## #...####...@)..### ###.###
..#####.## ##....##...####...#
.#....#..###....g.(.....##.###
##.##........##..####.#.##.######
#.######.....)#.####.#........##
##.# ###..#......#..###.###...
#..# ###.#.......#.###.# ###.
#.## ###.................# #. #.#
##......#.## #.......#####.


You could see 2 gnolls.

Vanquished Creatures
  Sigmund (D:3)
  3 ice beasts (D:5)
  An orc warrior (D:4)
  A black bear (D:5)
  A phantom (D:5)
  A bullfrog (D:5)
  A scorpion (D:5)
  4 hounds
  A jelly (D:5)
  An orc priest (D:4)
  An orc wizard (D:4)
  Robin (D:3)
  A gnoll (D:5)
  4 adders
  An ufetubus (D:5)
  A dart slug (D:5)
  2 orcs
  3 bats
  10 endoplasms
  A giant cockroach (D:1)
  8 hobgoblins
  7 jackals
  4 quokkas
  4 ball pythons
  4 frilled lizards
  18 goblins
  7 kobolds
  5 rats (D:1)
97 creatures vanquished.

Notes
Turn   | Place    | Note
-------+----------+-------------------------------------------
     0 | D:1      | PLAYERX the Gnoll Wanderer began the quest for the Orb.
     0 | D:1      | PLAYERX set off with the following items: a +0 trident, a
                  | +0 pair of boots, a scroll of fear, a +0 leather armour;
                  | and the following spell memorised: Beastly Appendage; and
                  | the following spells available to memorise: Spider Form.
     0 | D:1      | Reached XP level 1. HP: 13/13 MP: 4/4
   101 | D:1      | Reached XP level 2. HP: 19/19 MP: 5/5
   500 | D:1      | Reached XP level 3. HP: 25/25 MP: 7/7
   998 | D:2      | Reached skill level 1 in Invocations
  1059 | D:2      | Reached skill level 1 in Fighting
  1059 | D:2      | Reached skill level 1 in Short Blades
  1059 | D:2      | Reached skill level 1 in Long Blades
  1059 | D:2      | Reached skill level 1 in Axes
  1059 | D:2      | Reached skill level 1 in Maces & Flails
  1059 | D:2      | Reached skill level 1 in Staves
  1059 | D:2      | Reached skill level 1 in Ranged Weapons
  1059 | D:2      | Reached skill level 1 in Throwing
  1059 | D:2      | Reached skill level 1 in Armour
  1059 | D:2      | Reached skill level 1 in Dodging
  1059 | D:2      | Reached skill level 1 in Shields
  1059 | D:2      | Reached skill level 1 in Unarmed Combat
  1854 | D:3      | Reached XP level 4. HP: 30/32 MP: 8/8
  1926 | D:3      | Noticed Sigmund
  1931 | D:3      | Killed Sigmund
  1932 | D:3      | Reached skill level 8 in Stealth
  1932 | D:3      | Reached skill level 1 in Conjurations
  1932 | D:3      | Reached skill level 1 in Hexes
  1932 | D:3      | Reached skill level 1 in Summonings
  1932 | D:3      | Reached skill level 1 in Necromancy
  1932 | D:3      | Reached skill level 1 in Translocations
  1932 | D:3      | Reached skill level 1 in Fire Magic
  1932 | D:3      | Reached skill level 1 in Ice Magic
  1932 | D:3      | Reached skill level 1 in Air Magic
  1932 | D:3      | Reached skill level 1 in Earth Magic
  1932 | D:3      | Reached skill level 1 in Poison Magic
  1932 | D:3      | Reached XP level 5. HP: 38/38 MP: 8/10
  2197 | D:3      | Found an iron altar of Okawaru.
  2239 | D:3      | Found Cecsonai's Magic Scroll Boutique.
  2263 | D:3      | Reached XP level 6. HP: 44/44 MP: 11/11
  2268 | D:3      | Noticed Robin
  2285 | D:3      | Killed Robin
  2627 | D:4      | Noticed an orc warrior
  2635 | D:4      | Killed an orc warrior
  2686 | D:4      | Found a bloodstained altar of Trog.
  2770 | D:4      | Found a shimmering blue altar of Sif Muna.
  2774 | D:4      | Got Sif Muna's Atlas of Shaping
  2941 | D:4      | Found a staircase to the Ecumenical Temple.
  3001 | Temple   | Entered the Ecumenical Temple
  3254 | Temple   | Became a worshipper of Nemelex Xobeh the Trickster
  3382 | D:4      | Reached XP level 7. HP: 41/50 MP: 12/12
  4057 | D:5      | Entered Level 5 of the Dungeon
  4643 | D:5      | Reached XP level 8. HP: 53/58 MP: 14/14
  4992 | D:5      | Found Xeistymp's Antique Weapon Shop.
  4996 | D:5      | Bought a glowing long sword for 169 gold pieces
  5216 | D:5      | Mangled by a gnoll

Illustrated notes

Levels and vault maps discovered:
D:1:      dpeg_arrival_boxorama, layout_basic, minmay_split_cup_small
D:2:      layout_basic
D:3:      layout_loops_ring, okawaru_gym_becter, serial_shops, shop,
          wad_floor_pattern_2, eino_curves_03, uniq_sigmund, uniq_robin
D:4:      layout_layer_cave, nzn_overflow_gifts_of_might_and_magic,
          minmay_temple_entry_proselytizer, minmay_misc_feat_more_columns,
          hangedman_abyss_or_decor_stagger
D:5:      layout_rooms, serial_shops, kennysheep_mini, kennysheep_small_spiral,
          kennysheep_small_square
Temple:   nicolae_temple_slightly_damp_pantheon

Skill      XL: |  1  2  3  4  5  6  7 |
---------------+----------------------+-----
Transmutations | 2 3 |  3.5
Invocations    | 1 2 3 |  3.7
Fighting       | 1 2 3 |  3.3
Short Blades   | 1 2 3 |  3.3
Long Blades    | 1 2 3 |  3.3
Axes           | 1 2 3 |  3.3
Maces & Flails | 1 2 3 |  3.3
Staves         | 1 2 3 |  3.3
Ranged Weapons | 1 2 3 |  3.3
Throwing       | 1 2 3 |  3.3
Armour         | 1 2 3 |  3.3
Dodging        | 1 2 3 |  3.3
Shields        | 1 2 3 |  3.3
Unarmed Combat | 1 2 3 |  3.3
Spellcasting   | 3 4 |  4.4
Stealth        | 8 |  8.5
Conjurations   | 1 2 |  2.7
Hexes          | 1 2 |  2.7
Summonings     | 1 2 |  2.7
Necromancy     | 1 2 |  2.7
Translocations | 1 2 |  2.7
Fire Magic     | 1 2 |  2.7
Ice Magic      | 1 2 |  2.7
Air Magic      | 1 2 |  2.7
Earth Magic    | 1 2 |  2.7
Poison Magic   | 1 2 |  2.7
Evocations     | 3 4 |  4.3
Polearms       | 7 |  7.4

Action                     |  1- 3 |  4- 6 |  7- 9 || total
---------------------------+-------+-------+-------++-------
  Melee: Trident           |   103 |    92 |   105 ||   300
         Bite              |     3 |     4 |     9 ||    16
         Kick              |       |     5 |     2 ||     7
         Punch             |       |     1 |     4 ||     5
         Headbutt          |       |     1 |     1 ||     2
         Long sword        |       |       |    27 ||    27
   Cast: Beastly Appendage |       |     4 |     2 ||     6
  Evoke: Wand              |       |     4 |       ||     4
    Use: Scroll            |       |     8 |     2 ||    10
   Stab: Sleeping          |    12 |     4 |     8 ||    24
 Armour: Leather armour    |     9 |       |       ||     9
         Ring mail         |     9 |    17 |    35 ||    61
  Dodge: Dodged            |    36 |    40 |    79 ||   155

Table legend: (Time is in decaauts)
 A = Elapsed time spent in this place.
 B = Non-inter-level travel time spent in this place.
 C = Inter-level travel time spent in this place.
 D = Time resting spent in this place.
 E = Time spent auto-exploring this place.
 F = Levels seen in this place.
 G = Mean time per level.
                   A        B        C        D        E       F      G
               +--------+--------+--------+--------+--------+-----+--------+
         Total |   5212 |   5188 |     24 |    310 |   3677 |   6 |  868.7 |
       Dungeon |   4926 |   4902 |     24 |    310 |   3521 |   5 |  985.2 |
        Temple |    285 |    285 |      0 |      0 |    156 |   1 |  285.0 |
               +--------+--------+--------+--------+--------+-----+--------+

Top non-repeatable levels by time:
     D:4: 1233 daAuts
     D:5: 1161 daAuts
     D:1: 973 daAuts
     D:2: 871 daAuts
     D:3: 686 daAuts
  Temple: 285 daAuts
